 Dungeon Sprint DCSS version 0.17-a0-2122-g03d97ec (webtiles) character file.

358 Ordine the Grappler (level 6, -7/73 HPs)
             Began as a Troll Monk on Oct 21, 2015.
             Was the Champion of Jiyva.
             Mangled by a hill giant
             ... wielding a +0 giant spiked club
              (20 damage)
             ... in the Dungeon (Sprint IX: "|||||||||||||||||||||||||||||").
             The game lasted 00:06:00 (496 turns).

Ordine the Grappler (Troll Monk)                     Turns: 496, Time: 00:06:00

Health: -7/73      AC:  6    Str: 20    XL:     6   Next: 37%
Magic:  3/5        EV: 15    Int: 11    God:    Jiyva [******]
Gold:   0          SH:  0    Dex: 14    Spells: 0 memorised, 5 levels left

rFire  + . .     SeeInvis .       - Unarmed
rCold  . . .     Clarity  +     a - +0 robe
rNeg   . . .     SustAt   .     (no shield)
rPois  .         Gourm    +     (helmet restricted)
rElec  .         Spirit   .     (no cloak)
rCorr  +         Warding  .     (gloves unavailable)
rMut   .         NoTele   +     (boots unavailable)
MR     .....                    (no amulet)
Stlth  ++........               m - +2 ring of evasion
                                n - +3 ring of intelligence

@: exhausted, slowed, very slow, not resistant to hostile enchantments,
unstealthy
A: unfitting armour, claws 3, yellow scales 1, clarity, clever 1, fire
resistance 1, fast metabolism 3, gourmand, regeneration 2, robust 1, shaggy fur
1, tough skin 2, acidic bite, pseudopods 1
a: Request Jelly, Jelly Paralyse, Slimify, Cure Bad Mutation, Renounce Religion


You were in the Dungeon.
You worshipped Jiyva.
Jiyva was exalted by your worship.
You were not hungry.

You visited 1 branch

Inventory:

Armour
 a - a +0 robe (worn)
Jewellery
 m - a +2 ring of evasion (right claw)
 n - a +3 ring of intelligence (left claw)
Scrolls
 j - 3 scrolls of remove curse
Potions
 c - 5 potions of curing
 d - 3 potions of heal wounds
 e - a potion of haste
 i - a potion of invisibility
Comestibles
 b - 2 bread rations


   Skills:
 + Level 6.2 Fighting
 + Level 6.1 Dodging
 - Level 1.1 Stealth
 * Level 10.5 Unarmed Combat


You had 5 spell levels left.
You didn't know any spells.

Dungeon Overview and Level Annotations

Branches:
Dungeon (1/1)

Altars:
Cheibriados
Dithmenos
Elyvilon
Fedhas
Gozag
Kikubaaqudgha
Makhleb
Nemelex Xobeh
Okawaru
Qazlal
Ru
Sif Muna
Trog
Vehumet
Xom
Yredelemnul
Zin
The Shining One
Beogh
Jiyva
Lugonu


Innate Abilities, Weirdness & Mutations

You are too large for most types of armour.
You have claws for hands.
Your metabolism is lightning-fast.
You like to eat raw meat.
You heal very quickly.
You are covered in fur (AC +1).
You have very tough skin (AC +2).
You are partially covered in yellow scales (AC +2).
You possess an exceptional clarity of mind.
Your mind is acute. (Int +2)
Your flesh is heat resistant.
You are robust (+10% HP).
You have acidic saliva.
Armour fits poorly on your pseudopods.


Message History

The hill giant hits you with a giant spiked club!!!
Ouch! That really hurt!
* * * LOW HITPOINT WARNING * * *
There is an open door, spattered with blood here.
Welcome back, Ordine the Troll Monk.
Slime for the Slime God!
Press ? for a list of commands and other information.
You are too injured to fight recklessly!
Use which ability?
You don't have enough magic at the moment.
You claw the hill giant! You bludgeon the hill giant.
The hill giant is severely wounded.
The hill giant barely misses you.
You claw the hill giant! You bludgeon the hill giant.
The hill giant is severely wounded.
The crimson imp grins evilly.
You scratch the hill giant. You bludgeon the hill giant.
The hill giant is almost dead.
The hill giant hits you with a giant spiked club!!
You die...

▓.▓
▓'▓
▓J▓
▓J▓
▓.▓
▓.▓
▓J▓
▓J▓
▓@▓
▓C▓
▓5▓
▓l▓
▓Y▓
▓Z▓
▓.▓
▓+▓


You could see a hill giant, a wyvern, a sky beast, a crimson imp, a bat
skeleton, a neutral acid blob (fellow slime), 2 neutral jellies (fellow slime)
and a friendly acid blob.

Vanquished Creatures
  An orc warrior (D)
  A necrophage (D)
  A big kobold (D)
  A scorpion (D)
  2 killer bees (D)
  A worker ant (D)
  An adder (D)
  A giant gecko (D)
  An orc (D)
  A bat (D)
  A bat skeleton (D)
  3 hobgoblins (D)
  A quokka (D)
16 creatures vanquished.

Vanquished Creatures (others)
  3 jellies (D)
3 creatures vanquished.

Grand Total: 19 creatures vanquished

Notes
Turn   | Place    | Note
--------------------------------------------------------------
     0 | D        | Ordine the Troll Monk began the quest for the Orb.
     0 | D        | Reached XP level 1. HP: 22/22 MP: 0/0
   125 | D        | Noticed a scorpion
   125 | D        | Noticed a worker ant
   129 | D        | Reached skill level 5 in Unarmed Combat
   129 | D        | Reached XP level 2. HP: 29/31 MP: 1/1
   135 | D        | Killed a scorpion
   135 | D        | Reached skill level 6 in Unarmed Combat
   135 | D        | Reached XP level 3. HP: 29/39 MP: 2/2
   144 | D        | Killed a worker ant
   144 | D        | Reached skill level 7 in Unarmed Combat
   144 | D        | Reached XP level 4. HP: 19/48 MP: 3/3
   321 | D        | Found a glowing silver altar of Zin.
   321 | D        | Found a glowing golden altar of the Shining One.
   321 | D        | Found an ancient bone altar of Kikubaaqudgha.
   321 | D        | Found a basalt altar of Yredelemnul.
   321 | D        | Found a shimmering altar of Xom.
   321 | D        | Found a radiant altar of Vehumet.
   322 | D        | Found an iron altar of Okawaru.
   323 | D        | Found a burning altar of Makhleb.
   324 | D        | Found a deep blue altar of Sif Muna.
   325 | D        | Found a bloodstained altar of Trog.
   326 | D        | Found a sparkling altar of Nemelex Xobeh.
   327 | D        | Found a white marble altar of Elyvilon.
   328 | D        | Found a roughly hewn altar of Beogh.
   329 | D        | Found a viscous altar of Jiyva.
   330 | D        | Found a corrupted altar of Lugonu.
   331 | D        | Found a blossoming altar of Fedhas.
   332 | D        | Found a snail-covered altar of Cheibriados.
   333 | D        | Found a shadowy altar of Dithmenos.
   334 | D        | Found a stormy altar of Qazlal.
   335 | D        | Found an opulent altar of Gozag.
   336 | D        | Found a sacrificial altar of Ru.
   337 | D        | Became a worshipper of Jiyva Jyexiab the Shapeless
   337 | D        | Reached * piety under Jiyva
   337 | D        | Reached ** piety under Jiyva
   380 | D        | Reached *** piety under Jiyva
   382 | D        | Gained mutation: You have acidic saliva. [Jiyva's grace]
   382 | D        | Reached **** piety under Jiyva
   382 | D        | Gained mutation: Your spells are a little harder to cast, but a little more powerful. [Jiyva's grace]
   382 | D        | Reached ***** piety under Jiyva
   383 | D        | Lost mutation: Your spells are a little harder to cast, but a little more powerful. [Jiyva's grace]
   383 | D        | Gained mutation: Your flesh is heat resistant. [Jiyva's grace]
   383 | D        | Reached ****** piety under Jiyva
   383 | D        | Gained mutation: You have a pair of small horns on your head. [Jiyva's grace]
   385 | D        | Gained mutation: Your muscles are strong. (Str +2) [Jiyva's grace]
   387 | D        | Lost mutation: Your muscles are strong. (Str +2) [Jiyva's grace]
   437 | D        | Gained mutation: You possess an exceptional clarity of mind. [Jiyva's grace]
   440 | D        | Noticed a big kobold
   440 | D        | Noticed a killer bee
   440 | D        | Noticed a killer bee
   440 | D        | Noticed a necrophage
   440 | D        | Noticed an orc warrior
   452 | D        | Killed a big kobold
   455 | D        | Killed a killer bee
   455 | D        | Reached skill level 8 in Unarmed Combat
   461 | D        | Killed a killer bee
   461 | D        | Reached skill level 5 in Fighting
   461 | D        | Reached skill level 5 in Dodging
   461 | D        | Reached XP level 5. HP: 57/57 MP: 1/4
   462 | D        | Killed a necrophage
   462 | D        | Reached skill level 9 in Unarmed Combat
   467 | D        | Killed an orc warrior
   467 | D        | Reached skill level 10 in Unarmed Combat
   467 | D        | Reached XP level 6. HP: 52/67 MP: 1/5
   470 | D        | Gained mutation: You are robust (+10% HP). [Jiyva's grace]
   472 | D        | Gained mutation: Your mind is acute. (Int +2) [Jiyva's grace]
   487 | D        | Gained mutation: Armour fits poorly on your pseudopods. [Jiyva's grace]
   487 | D        | Lost mutation: You have a pair of small horns on your head. [Jiyva's grace]
   487 | D        | Gained mutation: You are partially covered in yellow scales (AC +2). [Jiyva's grace]
   488 | D        | Noticed a hill giant
   488 | D        | Noticed a crimson imp
   488 | D        | Noticed a wyvern
   488 | D        | Noticed a hill giant
   488 | D        | Noticed a sky beast
   492 | D        | Slimified a hill giant
   492 | D        | Noticed an acid blob
   492 | D        | a hill giant changed into an acid blob
   496 | D        | Mangled by a hill giant

Vault maps used:
D:        linesprint

Action                   |  1- 3 |  4- 6 || total
-------------------------+-------+-------++-------
Melee: Unarmed           |    22 |    20 ||    42
Invok: Request Jelly     |       |     3 ||     3
       Slimify           |       |     1 ||     1
  Use: Potion            |       |     1 ||     1
 Stab: Sleeping          |     1 |       ||     1
  Eat: Chunk             |     1 |       ||     1
